 Dungeon Crawl Stone Soup version 0.18-a0-1323-g706dcef (webtiles) character file.

119 Ratboiler the Skirmisher (level 4, -2/30 HPs)
             Began as a Deep Elf Wanderer on Feb 15, 2016.
             Killed by nerve-wracking pain
             ... invoked by an orc priest
              (3 damage)
             ... on level 3 of the Dungeon on Feb 16, 2016.
             The game lasted 00:07:23 (2219 turns).

Ratboiler the Skirmisher (Deep Elf Wanderer)        Turns: 2219, Time: 00:07:23

Health: -2/30      AC: 10    Str: 11    XL:     4   Next: 73%
Magic:  6/6        EV:  9    Int: 18    God:
Gold:   152        SH:  0    Dex: 15    Spells: 0 memorised, 3 levels left

rFire  . . .     SeeInvis .     b - +2 hand crossbow
rCold  . . .     Gourm    .     p - +4 ring mail
rNeg   . . .     Faith    .     (no shield)
rPois  .         Spirit   .     r - +1 hat {Int+3}
rElec  .         Dismiss  .     (no cloak)
rCorr  .         Reflect  .     (no gloves)
SustAt .         Harm     .     (no boots)
MR     .....                    (no amulet)
Stlth  +.........               (no ring)
                                (no ring)

@: not resistant to hostile enchantments, very unstealthy
A: no striking features
a: no special abilities


You were on level 3 of the Dungeon.
You were not hungry.

You visited 1 branch of the dungeon, and saw 3 of its levels.

You collected 152 gold pieces.

Inventory:

Hand Weapons
 a - a +1 scimitar of holy wrath
 b - a +2 hand crossbow (weapon)
 c - a +0 shortbow
 i - a +0 mace
 o - a +0 short sword
Missiles
 d - 81 arrows
 j - 14 bolts (quivered)
 q - 52 stones
Armour
 f - a +0 robe
 l - a +0 leather armour
 p - a +4 ring mail (worn)
 r - a +1 hat of intelligence (worn)
Magical Staves
 m - an uncursed staff of summoning {unknown}
Scrolls
 e - a scroll of teleportation
 k - a scroll of remove curse
 s - a scroll of enchant armour
Potions
 h - 2 potions of resistance
 n - a potion of heal wounds {unknown}
 t - 2 potions of curing {unknown}
Comestibles
 g - 3 bread rations


   Skills:
 + Level 4.4 Fighting
   Level 1.0 Axes
 + Level 4.2 Bows
 - Level 2.0 Crossbows
 - Level 1.2 Stealth
   Level 1.1 Evocations


You had 3 spell levels left.
You didn't know any spells.

Dungeon Overview and Level Annotations

Branches:
Dungeon (3/15)

Altars:
Xom
The Shining One


Message History

Read which item? (? for menu, Esc to quit)
Okay, then.
Your +1 scimitar of holy wrath stops glowing.
b - a +2 hand crossbow (weapon)
Firing (i - inventory. (,) - cycle):
j - 16 bolts (quivered)
Press: ? - help, Shift-Dir - straight line, f - orc priest
Aim: an orc priest, wielding a whip You shoot a bolt.
The bolt hits the orc priest.
The orc priest is moderately wounded.
The orc priest invokes the aid of Beogh against you.
Something smites you!
* * * LOW HITPOINT WARNING * * *
Firing (i - inventory. (,) - cycle):
j - 15 bolts (quivered)
Press: ? - help, Shift-Dir - straight line, f/p - orc priest
Aim: an orc priest, wielding a whip (moderately wounded)
You shoot a bolt. The bolt hits the orc priest.
The orc priest is heavily wounded.
The orc priest mumbles some strange prayers to Beogh against you.
Pain shoots through your body!
You die...

.......#.#.#
########.#.######.
#######.#.....#..
#.......#.###.#.#
#.......#...#.#.#
##.......#.#...#.#
.........#<#.###.# o..
.>.......#.#.# #.##+# ......
.........#.#.# #@##.# ......
.........#.#.# #.##.# ......
##.......#.#.# #.#..###.....
.......#.#.#.###.#.........#
######.#'#.#.....o...o..####.
#......'.................
#......#.............###
#......+.............+
#......##...######...#


You could see an orc priest.

Vanquished Creatures
  A worker ant (D:3)
  5 adders
  An ooze (D:1)
  A worm (D:2)
  A giant gecko (D:1)
  An orc (D:3)
  6 bats
  2 giant cockroaches (D:3)
  7 hobgoblins
  A ball python (D:2)
  A giant newt (D:2)
  7 goblins
  5 kobolds
  4 rats
43 creatures vanquished.

Notes
Turn   | Place    | Note
--------------------------------------------------------------
     0 | D:1      | Ratboiler the Deep Elf Wanderer began the quest for the Orb.
     0 | D:1      | Ratboiler set off with: a +2 hand crossbow, 26 bolts, a +0 shortbow, 25 arrows, a scroll of teleportation, a +0 robe, a bread ration
     0 | D:1      | Reached XP level 1. HP: 15/15 MP: 3/3
   132 | D:1      | Reached skill level 1 in Bows
   178 | D:1      | Reached XP level 2. HP: 20/20 MP: 4/4
   870 | D:2      | Reached XP level 3. HP: 24/24 MP: 5/5
  1076 | D:2      | Found a glowing golden altar of the Shining One.
  1597 | D:2      | Reached XP level 4. HP: 20/29 MP: 6/6
  1797 | D:3      | Found a shimmering altar of Xom.
  1798 | D:3      | Found a shimmering altar of Xom.
  1800 | D:3      | Found a shimmering altar of Xom.
  2218 | D:3      | HP: 1/30 [orc priest/divine providence (14)]
  2219 | D:3      | Killed from afar by an orc priest

Vault maps used:
D:1:      dpeg_arrival_yet_another_circle
D:2:      tso_metal_star
D:3:      xom_redecorated, nicolae_overflow_crystal_walls, first_bread,
          minmay_close_crescents

Action                   |  1- 3 |  4- 6 || total
-------------------------+-------+-------++-------
Melee: Scimitar          |    30 |    14 ||    44
 Fire: Hand crossbow     |    76 |    17 ||    93
  Use: Scroll            |     1 |     3 ||     4
  Eat: Chunk             |     2 |     1 ||     3
       Beef jerky        |       |     1 ||     1
